 Dungeon Crawl Stone Soup version 0.27.1-37-g7b29ead8ac (webtiles) character file.

Game seed: 5889121196027541817

2 AarnesTheHuman the Insei (level 1, -2/15 HPs)
             Began as a Merfolk Transmuter on Aug 28, 2023.
             Slain by a kobold (4 damage)
             ... on level 1 of the Dungeon.
             The game lasted 00:00:36 (70 turns).

AarnesTheHuman the Insei (Merfolk Transmuter)         Turns: 70, Time: 00:00:36

Health: -2/15      AC:  2    Str: 10    XL:     1   Next: 40%
Magic:  2/3        EV: 12    Int: 12    God:
Gold:   25         SH:  0    Dex: 14    Spells: 3/4 levels left

rFire    . . .     SeeInvis .   b - +2 mace (vorpal)
rCold    . . .     Faith    .   (no shield)
rNeg     . . .     Spirit   .   a - +0 robe
rPois    .         Reflect  .   (helmet currently unavailable)
rElec    .         Harm     .   (no cloak)
rCorr    .         Rampage  .   (no gloves)
Will     .....                  (boots currently unavailable)
Stlth    +.........             (no amulet)
HPRegen  0.05/turn              (no ring)
MPRegen  0.08/turn              (no ring)

@: appendages
A: horns 2, (nimble swimmer 2), mertail
a: End Transformation


You were on level 1 of the Dungeon.
You had temporarily grown beastly horns.
You visited 1 branch of the dungeon, and saw 1 of its levels.

You collected 25 gold pieces.

Inventory:

Hand Weapons
 b - a +2 vorpal mace (weapon)
Armour
 a - a +0 robe (worn)


   Skills:
 - Level 1.1 Fighting
 - Level 2.6 Dodging
 - Level 3.2 Unarmed Combat
 - Level 2.0 Spellcasting
 + Level 3.1 Transmutations


You had 3 spell levels left.
You knew the following spells:

 Your Spells              Type           Power      Damage    Failure   Level
a - Beastly Appendage     Tmut           16%        N/A       8%          1

Your spell library contained the following spells:

 Spells                   Type           Power      Damage    Failure   Level
 Wereblood                Tmut           8%         N/A       12%         2
 Spider Form              Tmut/Pois      2%         N/A       41%         3
 Ice Form                 Ice/Tmut       4%         N/A       82%         4


Dungeon Overview and Level Annotations

Branches:
Dungeon (1/15)

Altars:


Innate Abilities, Weirdness & Mutations

You have temporarily grown beastly horns.
((You are quick and stealthy near water. (Stealth+, EV+, Speed+++)))
Your lower body shifts to a powerful aquatic tail in water.


Message History

Your horns disappear.
Magic restored.
You now have 16 gold pieces.
Found a runed mace.
Found a hand axe and 9 gold pieces.
You now have 25 gold pieces (gained 9).
A hobgoblin comes into view.
A hobgoblin is nearby!
A jackal and a kobold come into view.
The kobold shouts!
The jackal barks!
You hear a bark!
A jackal comes into view.
A rat comes into view.
A jackal comes into view.
The jackal misses you.
You see here a +2 vorpal mace.
b - a +2 vorpal mace The jackal bites you.
The jackal bites you. The jackal bites you. The jackal barely misses you.
The jackal closely misses you.
b - a +2 vorpal mace (weapon)
The jackal bites you but does no damage.
Casting: Beastly Appendage (safe; 9% risk of failure)
Confirm with . or Enter, or press ? or * to list all spells.
You grow a pair of large bovine horns.
The jackal closely misses you.
You hit the jackal.
The jackal is heavily wounded.
The jackal bites you. The jackal barely misses you.
You sock the jackal!
You kill the jackal!
Your Transmutations skill increases to level 3!
You closely miss the kobold. The kobold barely misses you.
The kobold closely misses you.
You closely miss the kobold. The kobold hits you with a +0 whip.
You are too injured to fight recklessly!
You are too injured to fight recklessly!
You closely miss the kobold. Your headbutt misses the kobold.
The kobold hits you but does no damage. The kobold hits you with a +0 whip.
* * * LOW HITPOINT WARNING * * *
You hit the kobold but do no damage. The kobold hits you with a +0 whip.
You die...

# ####...#.# #.
#).....#.# #..
#####.##...#.#
#...######.........##.#
#..........#.....#......
#####.†#..g##...##......
##....r###.###......#
#..###K#####.###...#
#... ##@###.# ...# #....
##...# ..# #..... #(<.#
##...###...# #. #.###.#
#.# #.# ..# #.. #.. ...
#. ..#


You could see a hobgoblin, a kobold and a rat.

Vanquished Creatures
  A bat (D:1)
  A jackal (D:1)
2 creatures vanquished.

Notes
Turn   | Place    | Note
-------+----------+-------------------------------------------
     0 | D:1      | AarnesTheHuman the Merfolk Transmuter began the quest for
                  | the Orb.
     0 | D:1      | Reached XP level 1. HP: 15/15 MP: 3/3
    70 | D:1      | Slain by a kobold

Illustrated notes

Levels and vault maps discovered:
D:1:      roderic_crossed_star, layout_basic, serial_bayou_lagoon_b

Skill      XL: |  1 |
---------------+----+-----
Transmutations | 3 |  3.1
Fighting       | |  1.1
Dodging        | |  2.6
Unarmed Combat | |  3.2
Spellcasting   | |  2.0

Action                   || total
-------------------------++-------
Melee: Mace              ||     6
       Unarmed           ||     4
 Cast: Beastly Appendage ||     2
Armor: Robe              ||     4
Dodge: Dodged            ||    11
